 Dungeon Crawl Stone Soup version 0.27.0-66-gdc8fb28755 (webtiles) character file.

Game seed: 5713322904264416486

161 horus123 the Skirmisher (level 5, -4/42 HPs)
             Began as a Demonspawn Abyssal Knight on Aug 19, 2021.
             Was a Believer of Lugonu.
             Killed by divine providence
             ... invoked by an orc priest
              (16 damage)
             ... on level 4 of the Dungeon.
             The game lasted 00:07:28 (3290 turns).

horus123 the Skirmisher (Demonspawn Abyssal Knight) Turns: 3290, Time: 00:07:28

Health: -4/42      AC: 14    Str: 13    XL:     5   Next: 18%
Magic:  7/8        EV: 11    Int: 13    God:    Lugonu [**....]
Gold:   128        SH:  0    Dex: 13    Spells: 3/4 levels left

rFire    . . .     SeeInvis .   a - +2 hand axe (flame)
rCold    . . .     Faith    .   (no shield)
rNeg     . . .     Spirit   .   b - +2 leather armour
rPois    .         Reflect  .   (helmet restricted)
rElec    .         Harm     +   l - scarf {harm}
rCorr    .         Rampage  .   (no gloves)
Will     .....                  (no boots)
Stlth    +.........             (no amulet)
HPRegen  0.14/turn              (no ring)
MPRegen  0.11/turn              (no ring)

@: sanguine armoured, very slightly contaminated
A: horns 1, spiny 1, sanguine armour 2
a: Renounce Religion, Depart the Abyss, Bend Space


You were on level 4 of the Dungeon.
You worshipped Lugonu.
Lugonu was pleased with you.
You visited 1 branch of the dungeon, and saw 4 of its levels.
You visited the Abyss 1 time.

You collected 128 gold pieces.

Inventory:

Hand Weapons
 a - a +2 hand axe of flaming (weapon)
Armour
 b - a +2 leather armour (worn)
 k - a +0 robe of willpower
 l - a scarf of harm (worn)
Scrolls
 c - 2 scrolls of vulnerability
 d - 2 scrolls of brand weapon
 h - a scroll of teleportation
 m - a scroll of identify
 n - a scroll of amnesia
Potions
 e - 2 potions of lignification
 f - 2 potions of degeneration
 g - a potion of heal wounds {unknown}
 i - 4 potions of curing
 j - a potion of haste {unknown}


   Skills:
 * Level 4.1 Fighting
 + Level 2.8 Axes
 + Level 2.1 Armour
 + Level 1.3 Dodging
 + Level 0.7 Stealth
 + Level 0.1 Spellcasting
 * Level 4.0 Invocations


You had 3 spell levels left.
You knew the following spells:

 Your Spells              Type           Power      Damage    Failure   Level
a - Sting                 Tmut/Pois      0%         1d3       36%         1

Your spell library contained the following spells:

 Spells                   Type           Power      Damage    Failure   Level
 Poisonous Vapours        Pois/Air       0%         N/A       52%         2
 Stone Arrow              Conj/Erth      0%         3d7       75%         3
 Animate Armour           Summ/Erth      0%         N/A       98%         4
 Olgreb's Toxic Radiance  Pois           0%         N/A       98%         4
 Lehudib's Crystal Spear  Conj/Erth      0%         10d2      100%        8


Dungeon Overview and Level Annotations

Branches:
Dungeon (4/15)
 Temple: D:4-7

Altars:
Zin
The Shining One

Annotations:
D:4 1 runed translucent door, Naeght's ghost, amateur MfGl


Innate Abilities, Weirdness & Mutations

You have a pair of small horns on your head.
You are partially covered in sharp spines.
When seriously injured, your bleeding wounds create thick armour. (AC +9)


Message History

You hit the orc. You burn the orc.
You kill the orc!
Lugonu accepts your kill.
Things that are here:
a +0 club; an orc corpse
n - a scroll of amnesia You see here 17 arrows.
An orc comes into view. It is wielding a +0 dagger.
The orc shouts!
You hear a shout! x3
Found a spear.
An orc wizard comes into view. It is wielding a +1 dagger of flaming.
The orc wizard gestures at you while chanting.
The puff of flame hits you.
An orc priest comes into view. It is wielding a +0 dagger.
Casting: Sting (safe; 36% risk of failure)
Confirm with . or Enter, or press ? or * to list all spells.
Aiming: Sting (safe; 36% risk of failure)
Press: ? - help, Shift-Dir - straight line, f - orc
Aim: an orc, wielding a +0 dagger and wearing a +0 ring mail (69% to hit)
You miscast Sting.
You are very lightly contaminated with residual magic.
Nothing appears to happen.
An orc priest comes into view.
It is wielding a +2 hand axe of flaming.
The orc priest invokes the aid of Beogh against you.
Beogh smites you!
Your blood congeals into armour.
Found a stone staircase leading down.
You see here a book of Armaments.
You pick up a book of Armaments and begin reading...
You add the spells Stone Arrow, Animate Armour and Lehudib's Crystal Spear to your library.
The orc hits you with a +0 dagger.
You hit the orc but do no damage. The orc hits you but does no damage.
The orc priest calls down the wrath of Beogh upon you.
Beogh smites you!
* * * LOW HITPOINT WARNING * * *
An orc comes into view. It is wielding a +0 hand axe.
The orc wizard is struck by your spines.
The orc wizard hits you but does no damage.
The orc priest mumbles some strange prayers to Beogh against you.
Beogh smites you!
You die...

..... .... +## .### #
######..#+# .###..#
#......)... †.....#
#.......... ..###..##
#.......... .##⌠##..##
#..........
##...##..#####.o......o.
#..!..##....##..@o..o...
⌠..♣..W+.........o......
#..!..##................
##...##........#######+#
.##⌠##.........#
..###..##......#
......###.(....#
.##.#####......#
........+......#


You could see 2 orc priests, an orc wizard and 2 orcs.

Vanquished Creatures
  A water moccasin skeleton (D:4)
  3 adders
  2 worms
  2 dart slugs
  2 orcs
  3 bats
  5 endoplasms
  3 giant cockroaches
  7 goblins
  8 hobgoblins
  2 jackals (D:1)
  7 kobolds
  2 quokkas
  9 ball pythons
  3 frilled lizards
  8 rats
67 creatures vanquished.

Notes
Turn   | Place    | Note
-------+----------+-------------------------------------------
     0 | Abyss:1  | horus123 the Demonspawn Abyssal Knight began the quest for
                  | the Orb.
     0 | Abyss:1  | Reached XP level 1. HP: 18/18 MP: 2/2
    14 | D:1      | Escaped the Abyss
   344 | D:1      | Gained mutation: You are partially covered in sharp spines.
                  | [demonic ancestry]
   344 | D:1      | Reached XP level 2. HP: 24/24 MP: 4/4
   758 | D:1      | Reached skill level 1 in Dodging
   991 | D:1      | Reached ** piety under Lugonu
  1155 | D:2      | Gained mutation: You have a pair of small horns on your
                  | head. [demonic ancestry]
  1155 | D:2      | Reached XP level 3. HP: 29/30 MP: 3/5
  1538 | D:2      | Found a faded altar of an unknown god.
  2229 | D:3      | Gained mutation: When seriously injured, your bleeding
                  | wounds create armour. (AC +9) [demonic ancestry]
  2229 | D:3      | Reached XP level 4. HP: 37/37 MP: 6/6
  2532 | D:3      | Learned a level 1 spell: Sting
  3144 | D:4      | Noticed Naeght's ghost (amateur MfGl)
  3154 | D:4      | Gained mutation: When seriously injured, your bleeding
                  | wounds create thick armour. (AC +9) [demonic ancestry]
  3154 | D:4      | Reached XP level 5. HP: 40/42 MP: 7/7
  3233 | D:4      | Found a runed translucent door.
  3290 | D:4      | Killed from afar by an orc priest

Illustrated notes

Levels and vault maps discovered:
D:1:      tarquinn_simple_flora_water_b, layout_loops_corners
D:2:      layout_basic, ebering_ecumenical_altar_webs, basic_altar,
          minmay_box_of_dots
D:3:      layout_loops_ring, nicolae_tso_swordbearing_angel, nrook_mini_vaults,
          grunt_ministairs_6
D:4:      layout_basic, hellmonk_ghost_happy_afterlife,
          small_statue_intersection

Skill      XL: |  1  2  3  4  5 |
---------------+----------------+-----
Dodging        | 1 |  1.3
Axes           | 2 |  2.8
Armour         | 2 |  2.1
Invocations    | 3 4 |  4.0
Fighting       | 4 |  4.1
Stealth        | |  0.7
Spellcasting   | |  0.1

Action                   |  1- 3 |  4- 6 || total
-------------------------+-------+-------++-------
Melee: Hand axe          |    89 |    25 ||   114
       Headbutt          |     7 |     1 ||     8
 Cast: Sting             |       |     7 ||     7
Invok: Bend Space        |     8 |     1 ||     9
  Use: Scroll            |    12 |     1 ||    13
Armor: Leather armour    |    21 |    10 ||    31
Dodge: Dodged            |    58 |     8 ||    66
